 Dungeon Crawl Stone Soup version bcrawl-1.37.2 (webtiles) character file.

Game seed: 5525702385577821153

143973 Leeroy the Slasher (level 3, 0/21 HPs)
             Began as a Vine Stalker Skald on Jan 31, 2023.
             Slain by a worm (3 damage)
             ... on level 2 of the Dungeon.
             The game lasted 00:02:14 (835 turns).

Leeroy the Slasher (Vine Stalker Skald)              Turns: 835, Time: 00:02:14

Health: 0/21       AC:  3    Str: 11 (13) XL:     3   Next: 58%
Magic:  8/8        EV: 12    Int: 12 (13) God:
Gold:   85         SH:  0    Dex: 12 (14) Spells: 6/7 levels left

rFire    . . .     GDR:     24% a - +0 long sword
rCold    . . .     SeeInvis .   (no shield)
rNeg     . . .     Gourm    .   b - +0 leather armour
rPois    .         Faith    .   (no helmet)
rElec    .         Spirit   .   (no cloak)
rCorr    .         Reflect  .   (no gloves)
MR       .....                  (no boots)
Stlth    +.........             d - amulet of magic regeneration
HPRegen  0.53/turn              (no ring)
MPRegen  0.19/turn              (no ring)

@: hasted, very quick
A: fangs 2, regeneration 1, no potion heal 3, rot immunity, strong jaws
a: no special abilities


You were on level 2 of the Dungeon.
You were hungry.

You visited 1 branch of the dungeon, and saw 2 of its levels.

You collected 85 gold pieces.

Inventory:

Hand Weapons
 a - a +0 long sword (weapon)
 k - a +0 dagger
Missiles
 h - 106 javelins (quivered)
Armour
 b - a +0 leather armour (worn)
Jewellery
 d - an amulet of magic regeneration (around neck)
Scrolls
 f - a scroll of fear
Potions
 i - a potion of might {unknown}
 l - a potion of curing {unknown}
Comestibles
 e - 2 rations {!d}
 j - 2 chunks of flesh


   Skills:
 - Level 1.7 Fighting
 + Level 3.1 Long Blades
 - Level 0.7 Armour
 - Level 2.1 Dodging
 + Level 2.8 Spellcasting
 - Level 3.0 Charms


You had 6 spell levels left.
You knew the following spells:

 Your Spells              Type           Power        Failure   Level  Hunger
a - Infusion              Chrm           #.......     10%         1    None

Your spell library contained the following spells:

 Spells                   Type           Power        Failure   Level  Hunger
 Song of Slaying          Chrm           #.......     14%         2    ##.....
 Swiftness                Chrm/Air       #.......     26%         2    ##.....
 Ozocubu's Armour         Chrm/Ice       #.......     47%         3    ####...
 Regeneration             Chrm/Necr      #.........   47%         3    ####...
 Spectral Weapon          Hex/Chrm       #.......     47%         3    ####...


Dungeon Overview and Level Annotations

Branches:
Dungeon (2/12)

Altars:


Innate Abilities, Weirdness & Mutations

You have extremely sharp teeth.
Your natural rate of healing is unusually fast.
Potions cannot restore your health.
You are immune to rotting.
Your bites deal extra damage.


Message History

* * * LOW HITPOINT WARNING * * *
The jackal closely misses you. x2
Casting: Infusion (safe; 9% risk of failure)
Confirm with . or Enter, or press ? or * to list all spells.
Okay, then.
It was a potion of degeneration.
There was something very wrong with that liquid.
You feel weakened.
You feel dopey.
You feel clumsy. The goblin closely misses you. The jackal closely misses you.
The jackal misses you. The worm bites you but does no damage.
It was a potion of haste.
You feel yourself speed up. The jackal closely misses you.
The jackal barely misses you. The goblin misses you.
You hit the jackal.
The jackal is moderately wounded.
The jackal barely misses you. The jackal closely misses you.
The goblin hits you.
* * * LOW HITPOINT WARNING * * *
The worm bites you.
You die...

#...#.....>......#
###.............†..##
#.......##.....†.....
#...............)..#.
#........##.....#.##.
#...............##.
#........##.###.##.
#hh#.....##.# #..#.
#####w@##.....#.# ##.##
#....g.##...#...####...
#..######...###......##
#......g# #....##..<.#...
#.......# ##...#####.#...
#.......# #.....###.....
#.......# #.............
#.......# ##.#...........
#.......#####..#..#...†....


You could see a worm, 2 jackals and a goblin.

Vanquished Creatures
  An adder (D:2)
  An ooze (D:1)
  A leopard gecko (D:2)
  A ball python (D:2)
  4 giant cockroaches
  6 hobgoblins
  5 kobolds
  2 bats (D:1)
  2 frilled lizards
  4 rats (D:1)
27 creatures vanquished.

Vanquished Creatures (others)
  4 toadstools (D:1)
4 creatures vanquished.

Grand Total: 31 creatures vanquished

Notes
Turn   | Place    | Note
-------+----------+-------------------------------------------
     0 | D:1      | Leeroy the Vine Stalker Skald began the quest for the Orb.
     0 | D:1      | Reached XP level 1. HP: 12/12 MP: 4/4
   140 | D:1      | Reached XP level 2. HP: 16/17 MP: 4/6
   709 | D:2      | Reached XP level 3. HP: 16/21 MP: 8/8
   835 | D:2      | Slain by a worm

Skill      XL: |  1  2  3 |
---------------+----------+-----
Long Blades    | 2 3 |  3.1
Fighting       | |  1.7
Armour         | |  0.7
Dodging        | |  2.1
Spellcasting   | |  2.8
Charms         | |  3.0

Action                   || total
-------------------------++-------
Melee: Long sword        ||    96
       Bite              ||     6
  Use: Potion            ||     2
  Eat: Chunk             ||     2
Armor: Leather armour    ||    22
Dodge: Dodged            ||    81
